 Dungeon Crawl Stone Soup version 0.32-a0-913-g739538afd8 (webtiles) character file.

Game seed: 9677347418379600127

130 GiantSquids the Chopper (level 4, -14/38 HPs)
             Began as a Mountain Dwarf Fighter on Apr 10, 2024.
             Demolished by Sigmund
             ... wielding a +6 heavy scythe
              (16 damage)
             ... on level 2 of the Dungeon.
             The game lasted 00:03:57 (1620 turns).

GiantSquids the Chopper (Mountain Dwarf Fighter)    Turns: 1620, Time: 00:03:57

Health: -14/38     AC:  8    Str: 20    XL:     4   Next: 89%
Magic:  4/4        EV:  8    Int:  9    God:
Gold:   91         SH:  4    Dex:  9    Spells: 3/3 levels left

rFire   + . .        a - +0 war axe
rCold   + . .        c - +0 buckler
rNeg    . . .        m - +2 scale mail {rF+}
rPois   .            (no helmet)
rElec   .            (no cloak)
rCorr   .            (no gloves)
SInv    .            (no boots)
Will    +....        (no amulet) Stlth
                     i - ring of willpower
HPRegen 0.26/turn    e - ring of protection from cold
MPRegen 0.09/turn

%: no passive effects
@: mighty
A: runic magic, artefact enchanting
a: no special abilities


You were on level 2 of the Dungeon.
You visited 1 branch of the dungeon, and saw 2 of its levels.

You collected 91 gold pieces.

Inventory:

Hand Weapons
 a - a +0 war axe (weapon)
Missiles
 k - 9 stones (quivered)
Armour
 c - a +0 buckler (worn)
 m - a +2 scale mail of fire resistance (worn)
 r - a +0 plate armour
Jewellery
 e - a ring of protection from cold (right hand)
 i - a ring of willpower (left hand)
Wands
 q - a wand of mindburst (15)
Scrolls
 b - a scroll of fog {unknown}
 g - 4 scrolls of identify {unknown}
 h - a scroll of noise {unknown}
 j - a scroll of silence {unknown}
 n - a scroll of amnesia {unknown}
 o - a scroll of teleportation {unknown}
Potions
 l - 2 potions of curing {unknown}
 p - a potion of enlightenment {unknown}


   Skills:
 - Level 3.2 Fighting
 + Level 6.2 Axes
 - Level 3.2 Armour
 - Level 3.2 Shields


You had 3 spell levels left.
You didn't know any spells.
Your spell library was empty.

Dungeon Overview and Level Annotations

Branches:
Dungeon (2/15)

Altars:

Annotations:
D:2 1 runed translucent door, Crazy Yiuf, Sigmund


Innate Abilities, Weirdness & Mutations

Your spellcasting is much less encumbered by armour.
You can use scrolls of enchantment on lesser artefacts.


Message History

The hobgoblin hits you but does no damage.
You hit the hobgoblin but do no damage.
The hobgoblin is almost dead.
The hobgoblin hits you but does no damage.
You slash the hobgoblin!
You kill the hobgoblin!
No target in view!
You open the door.
There is an open door here.
You open the door.
There is an open door here.
A frilled lizard comes into view.
A frilled lizard is nearby!
The frilled lizard bites you but does no damage.
You closely miss the frilled lizard. The frilled lizard bites you.
You slash the frilled lizard!
You kill the frilled lizard!
No target in view!
You see here a frilled lizard corpse.
Sigmund the Dreaded comes into view.
He is wielding a +6 heavy scythe.
Sigmund shouts!
Sigmund is nearby!
Sorry, you're not good enough to have a special ability.
You feel very mighty all of a sudden.
Sigmund hits you from afar with a +6 heavy scythe!
You barely miss Sigmund.
Sigmund hits you with a +6 heavy scythe!
You barely miss Sigmund. You barely miss Sigmund. Sigmund barely misses you.
You closely miss Sigmund. You closely miss Sigmund.
Sigmund hits you with a +6 heavy scythe.
You closely miss Sigmund. You closely miss Sigmund.
Sigmund hits you with a +6 heavy scythe!
* * * LOW HITPOINT WARNING * * *
You closely miss Sigmund.
Sigmund hits you with a +6 heavy scythe!
You die...
Sigmund begins carving another notch in his scythe.

#.###.##
##.......##
##..#.# ##.#.##
##.....## #.#.#.
####..#### ##...##
##.#.#
#........#######+#
##.##
#.###.##......# #
.# # #.##.####.#
.# #.##.####.##.##
#.......#.#...##
####.##.#.@....#
#.#.#..#@..##
#..###.##.## ....
#..# ## ######....
######


You could see Sigmund.

Vanquished Creatures
  Natasha (thrice) (D:2)
  2 adders (D:2)
  2 dart slugs
  2 endoplasms (D:2)
  2 giant cockroaches (D:2)
  4 goblins
  2 hobgoblins (D:2)
  2 jackals (D:1)
  2 quokkas
  3 ball pythons (D:2)
  2 bats
  3 frilled lizards
  5 kobolds
  3 rats
37 creatures vanquished.

Notes
Turn   | Place    | Note
-------+----------+-------------------------------------------
     0 | D:1      | GiantSquids the Mountain Dwarf Fighter began the quest for
                  | the Orb.
     0 | D:1      | Reached XP level 1. HP: 19/19 MP: 1/1
   209 | D:1      | Reached skill level 3 in Axes
   405 | D:1      | Reached XP level 2. HP: 23/26 MP: 2/2
   499 | D:1      | Found a faded altar of an unknown god.
   611 | D:2      | Noticed Natasha
   622 | D:2      | Killed Natasha
   623 | D:2      | Reached skill level 4 in Axes
   623 | D:2      | Reached XP level 3. HP: 13/31 MP: 3/3
   743 | D:2      | Noticed Natasha
   747 | D:2      | Killed Natasha
   748 | D:2      | Reached skill level 5 in Axes
   761 | D:2      | Found a runed translucent door.
   762 | D:2      | Noticed Crazy Yiuf
   968 | D:2      | Reached XP level 4. HP: 38/38 MP: 4/4
  1283 | D:2      | Noticed Natasha
  1300 | D:2      | Killed Natasha
  1301 | D:2      | Reached skill level 6 in Axes
  1610 | D:2      | Noticed Sigmund
  1620 | D:2      | Demolished by Sigmund

Illustrated notes

Levels and vault maps discovered:
D:1:      reono_arrival_forest_river, layout_basic,
          chequers_ecumenical_altar_simple, hangedman_decor_peaks_small
D:2:      layout_loops_corners, kennysheep_generic_room_11, uniq_natasha,
          uniq_crazy_yiuf_cottage, uniq_sigmund

Skill      XL: |  1  2  3  4 |
---------------+-------------+-----
Axes           | 3 4 5 6 |  6.2
Fighting       | |  3.2
Armour         | |  3.2
Shields        | |  3.2

Action                     |  1- 3 |  4- 6 || total
---------------------------+-------+-------++-------
  Melee: War axe           |    57 |    81 ||   138
    Use: Potion            |       |     1 ||     1
 Armour: Scale mail        |    60 |    66 ||   126
  Dodge: Dodged            |    32 |    28 ||    60
  Block: Buckler           |    20 |    15 ||    35

Table legend: (Time is in decaauts)
 A = Elapsed time spent in this place.
 B = Non-inter-level travel time spent in this place.
 C = Inter-level travel time spent in this place.
 D = Time resting spent in this place.
 E = Time spent auto-exploring this place.
 F = Levels seen in this place.
 G = Mean time per level.
                   A        B        C        D        E       F      G
               +--------+--------+--------+--------+--------+-----+--------+
         Total |   1667 |   1642 |     25 |     69 |   1195 |   2 |  833.5 |
       Dungeon |   1667 |   1642 |     25 |     69 |   1195 |   2 |  833.5 |
               +--------+--------+--------+--------+--------+-----+--------+

Top non-repeatable levels by time:
     D:2: 1039 daAuts
     D:1: 627 daAuts
